 Dungeon Crawl Stone Soup version 0.26.1-11-gd32895ea62 (webtiles) character file.

Game seed: 17749238118724285092

9648 Towns the Thaumaturge (level 11, -11/97 HPs)
             Began as a Yellow Draconian Conjurer on June 28, 2021.
             Was a Priest of Sif Muna.
             Killed by divine providence
             ... invoked by a meliai
              (14 damage)
             ... on level 10 of the Dungeon.
             The game lasted 01:33:27 (18188 turns).

Towns the Thaumaturge (Yellow Draconian Conjurer)  Turns: 18188, Time: 01:33:27

Health: -11/97     AC: 11    Str: 11    XL:     11   Next: 25%
Magic:  1/25       EV: 21    Int: 20    God:    Sif Muna [***...]
Gold:   353        SH:  0    Dex: 10    Spells: 10/30 levels left

rFire    . . .     SeeInvis .   w - +3 dagger (pain)
rCold    . . .     Faith    .   (no shield)
rNeg     . . .     Spirit   .   (armour unavailable)
rPois    .         Reflect  .   (helmet restricted)
rElec    .         Harm     .   J - +0 cloak {Stlth+}
rCorr    +         Rampage  .   L - +0 pair of gloves
Will     .....                  v - +1 pair of boots
Stlth    ++........             (no amulet)
HPRegen  0.26/turn              A - ring of the Hare {EV+8}
MPRegen  0.19/turn              (no ring)

@: no status effects
A: spit acid, unfitting armour, cold-blooded, acid resistance, AC +7
a: Breathe Acid, Renounce Religion, Channel Magic, Forget Spell


You were on level 10 of the Dungeon.
You worshipped Sif Muna.
Sif Muna was most pleased with you.
You visited 2 branches of the dungeon, and saw 11 of its levels.

You collected 853 gold pieces.
You spent 500 gold pieces at shops.

Inventory:

Hand Weapons
 w - a +3 dagger of pain (weapon)
 D - a +0 rapier
Missiles
 d - 160 stones (quivered)
 s - an arrow
Armour
 o - a +0 tower shield
 t - a +0 cloak
 v - a +1 pair of boots (worn)
 J - a +0 cloak of stealth (worn)
 L - a +0 pair of gloves (worn)
Jewellery
 A - the ring of the Hare (left hand) {EV+8}
   (You found it on level 5 of the Dungeon)

   [ring of evasion]

   It affects your evasion (+8).
 E - a cursed amulet of inaccuracy
Wands
 p - a wand of iceblast (11)
 u - a wand of paralysis (17)
 y - a wand of disintegration (22)
 F - a wand of acid (16)
 K - a wand of digging (4)
Scrolls
 b - 9 scrolls of identify
 c - 2 scrolls of magic mapping
 g - 3 scrolls of teleportation
 j - 2 scrolls of holy word {unknown}
 k - a scroll of enchant armour
 m - 3 scrolls of enchant weapon
 x - 2 scrolls of amnesia
 G - 2 scrolls of brand weapon {unknown}
 H - a scroll of remove curse {unknown}
 M - a scroll of immolation {unknown}
 N - a scroll of summoning {unknown}
Potions
 a - a potion of berserk rage {unknown}
 e - 3 potions of haste {unknown}
 f - a potion of lignification
 h - 2 potions of magic {unknown}
 i - 4 potions of flight {unknown}
 l - a potion of brilliance {unknown}
 n - 2 potions of cancellation {unknown}
 q - 3 potions of curing {unknown}
 r - 2 potions of heal wounds {unknown}
 z - a potion of attraction {unknown}
 B - a potion of ambrosia {unknown}
 C - a potion of mutation {unknown}
 I - a potion of might {unknown}


   Skills:
 + Level 9.0 Fighting
 + Level 3.5 Dodging
 - Level 1.7 Stealth
 + Level 10.1 Spellcasting
 - Level 8.0 Conjurations
 + Level 5.1 Hexes
 - Level 6.0 Translocations


You had 10 spell levels left.
You knew the following spells:

 Your Spells              Type           Power        Failure   Level
a - Magic Dart            Conj           100%         1%          1
b - Searing Ray           Conj           84%          1%          2
c - Dazzling Flash        Conj/Hex       72%          1%          3
d - Iskenderun's Mystic   Conj/Tloc      38%          3%          4
e - Tukima's Dance        Hex            30%          2%          3
f - Apportation           Tloc           68%          1%          1
g - Invisibility          Hex            30%          78%         6

Your spell library contained the following spells:

 Spells                   Type           Power        Failure   Level
 Lesser Beckoning         Tloc           17%          1%          3
 Fulminant Prism          Conj/Hex       18%          4%          4
 Alistair's Intoxication  Tmut/Pois      6%           88%         5


Dungeon Overview and Level Annotations

Branches:
Dungeon (10/15)            Temple (1/1) D:5            Lair (0/6) D:9
    Orc (0/2) D:9

Altars:
Ashenzari
Cheibriados
Dithmenos
Elyvilon
Fedhas
Gozag
Hepliaklqana
Kikubaaqudgha
Makhleb
Nemelex Xobeh
Okawaru
Qazlal
Ru
Sif Muna
Trog
Uskayaw
Vehumet
Wu Jian
Xom
Yredelemnul
Zin
The Shining One

Shops:
D:7 :

Annotations:
D:8 exclusions: ice statue and orange crystal statue
D:10 Erica


Innate Abilities, Weirdness & Mutations

You can spit globs of acid.
Your golden yellow scales are hard. (AC +7)
You cannot fit into any form of body armour.
You are cold-blooded and may be slowed by cold attacks.
You are resistant to acid. (rCorr)


Message History

Aim: a meliai, wielding a +0 hand axe of electrocution and wearing a +3 chain mail of cold resistance (severely wounded, 0% to evade)
The magic dart hits the meliai.
The meliai is almost dead.
The meliai calls down the wrath of its god upon you.
Something smites you!
* * * LOW HITPOINT WARNING * * *
The meliai hits you with a +0 hand axe of electrocution.
* * * LOW HITPOINT WARNING * * *
The meliai closely misses you.
You are too injured to fight recklessly!
You hit the meliai but do no damage.
The meliai is almost dead.
The meliai closely misses you. The meliai completely misses you.
The meliai misses you.
The meliai stings you but does no damage.
You barely miss the meliai.
The meliai is almost dead.
The meliai invokes the aid of its god against you.
Something smites you!
You die...

..##.##.###.###.#...#........#.##
..#...##.#...#.##...#........#.#.
.##.#.##.##.##.#....#........#.#.
.#.#y#.##.#.#.##....#........#.#.
##..Z..##.###.#.....##########.#.
#.......##.#.##................#.
#.#.#.#.##.#.#.................##
.#)#.#.#.##.##..y................
Z[[ยง.....##.#...@................
#.#########.#......#####.........
##.........##......# #.........
#..#.#.#..#.......# #.........
##..#.#..##.......# #...#'####
#...#...#........# #...#.....
##.#.#.##........# #...#.....
#..#..#.........# #...#.....
##...##.........# #...#.....


You could see a meliai.

Vanquished Creatures
  A two-headed ogre (D:10)
  Maurice (D:10)
  4 trolls (D:9)
  Sigmund (D:6)
  A dancing weapon (D:10)
  4 yaks
  Eustachio (D:6)
  Grum (D:10)
  Edmund (D:6)
  A water moccasin (D:10)
  2 orc warriors
  An eye of draining (D:10)
  A swamp drake (D:9)
  4 ice beasts
  2 black bears
  13 ogres
  2 wolves (D:10)
  A necrophage (D:9)
  4 centaurs
  A phantom (D:6)
  8 bullfrogs
  4 scorpions
  A wyvern skeleton (D:6)
  10 wights
  10 killer bees (D:10)
  4 howler monkeys
  4 jellies
  A quasit (D:7)
  3 orc priests
  5 bullfrog skeletons
  2 centaur skeletons
  6 hounds
  4 iguanas
  10 orc wizards
  7 worker ants
  A mummy (D:5)
  2 worker ant zombies
  8 gnolls
  5 adders
  2 shadow imps
  3 white imps
  4 ufetubi
  3 oozes
  2 adder zombies
  4 worms
  An adder skeleton (D:6)
  6 dart slugs
  12 leopard geckos
  36 orcs
  A ball python (D:1)
  5 giant cockroaches
  9 goblins
  9 hobgoblins
  15 jackals
  4 quokkas
  7 bats
  7 kobolds
  10 rats
282 creatures vanquished.

Vanquished Creatures (collateral kills)
  A two-headed ogre (D:10)
  2 wights (D:10)
  An orc (D:9)
4 creatures vanquished.

Vanquished Creatures (others)
  6 dancing weapons
  5 fungi (D:9)
  13 plants
24 creatures vanquished.

Grand Total: 310 creatures vanquished

Notes
Turn   | Place    | Note
-------+----------+-------------------------------------------
     0 | D:1      | Towns the Draconian Conjurer began the quest for the Orb.
     0 | D:1      | Reached XP level 1. HP: 14/14 MP: 3/3
   218 | D:1      | Reached skill level 1 in Fighting
   302 | D:1      | Reached XP level 2. HP: 23/23 MP: 3/5
   686 | D:1      | Reached XP level 3. HP: 29/29 MP: 1/7
  1521 | D:2      | Reached skill level 3 in Spellcasting
  1909 | D:2      | Reached XP level 4. HP: 30/38 MP: 0/9
  3264 | D:3      | Reached XP level 5. HP: 34/45 MP: 0/10
  4414 | D:3      | Found an ornate altar of the Wu Jian Council.
  4414 | D:3      | Found a hide-covered altar of Uskayaw.
  4519 | D:4      | Reached skill level 4 in Spellcasting
  4776 | D:4      | Noticed an ogre
  4864 | D:3      | Learned a level 2 spell: Searing Ray
  4993 | D:4      | Reached XP level 6. HP: 52/52 MP: 1/12
  5700 | D:4      | Reached skill level 5 in Conjurations
  5844 | D:4      | Learned a level 3 spell: Dazzling Flash
  6010 | D:4      | Reached skill level 5 in Spellcasting
  6010 | D:4      | Your scales start taking on a golden yellow colour.
  6010 | D:4      | Reached XP level 7. HP: 59/59 MP: 7/14
  6010 | D:4      | Gained mutation: You are resistant to acid. (rCorr) [Yellow
                  | Draconian growth]
  6131 | D:5      | Entered Level 5 of the Dungeon
  6223 | D:5      | Reached skill level 1 in Hexes
  6362 | D:5      | Found a hazy altar of Hepliaklqana.
  6843 | D:5      | Found a staircase to the Ecumenical Temple.
  6864 | Temple   | Entered the Ecumenical Temple
  7092 | Temple   | Became a worshipper of Sif Muna the Loreminder
  7262 | D:5      | Found a snail-covered altar of Cheibriados.
  7447 | D:5      | Found the ring of the Hare {EV+8}
  7580 | D:6      | Noticed Sigmund
  7618 | D:6      | Killed Sigmund
  7619 | D:6      | Reached skill level 6 in Spellcasting
  7619 | D:6      | Reached XP level 8. HP: 65/67 MP: 2/17
  7724 | D:6      | Learned a level 4 spell: Iskenderun's Mystic Blast
  7793 | D:6      | Reached skill level 1 in Translocations
  8093 | D:6      | Noticed Edmund
  8105 | D:6      | Killed Edmund
  8539 | D:6      | Reached * piety under Sif Muna
  8540 | D:6      | Reached skill level 7 in Spellcasting
  8965 | D:6      | Noticed Eustachio
  8992 | D:6      | Killed Eustachio
  8993 | D:6      | Reached XP level 9. HP: 68/72 MP: 3/20
 10126 | D:7      | Found Rustriutz's Book Shop.
 10134 | D:7      | Bought a book of Party Tricks for 500 gold pieces
 10138 | D:7      | Learned a level 3 spell: Tukima's Dance
 10140 | D:7      | Learned a level 1 spell: Apportation
 10147 | D:7      | Learned a level 6 spell: Invisibility
 10424 | D:7      | Reached skill level 5 in Translocations
 10625 | D:7      | Reached skill level 8 in Spellcasting
 11342 | D:8      | Reached skill level 5 in Fighting
 11979 | D:8      | Found a sacrificial altar of Ru.
 12388 | D:8      | Noticed an orange crystal statue
 12547 | D:8      | Noticed an ice statue
 12618 | D:9      | Noticed a troll
 12625 | D:9      | Killed a troll
 12708 | D:9      | Found a staircase to the Lair.
 12926 | D:9      | Noticed a troll
 13072 | D:9      | Reached ** piety under Sif Muna
 13202 | D:9      | Reached XP level 10. HP: 80/84 MP: 2/22
 13929 | D:9      | Reached skill level 9 in Spellcasting
 14487 | D:9      | Reached skill level 5 in Hexes
 14654 | D:9      | Found a staircase to the Orcish Mines.
 14742 | D:10     | Entered Level 10 of the Dungeon
 14750 | D:9      | Reached *** piety under Sif Muna
 16291 | D:10     | Noticed Maurice
 16326 | D:10     | Paralysed by something for 2 turns
 16482 | D:10     | Paralysed by Maurice for 6 turns
 16491 | D:10     | Killed Maurice
 16726 | D:10     | Noticed a two-headed ogre
 16734 | D:10     | Noticed Erica
 16738 | D:10     | Killed a two-headed ogre
 16739 | D:10     | Reached XP level 11. HP: 79/95 MP: 0/24
 17039 | D:10     | Reached skill level 10 in Spellcasting
 17319 | D:10     | Found an opulent altar of Gozag.
 17412 | D:10     | Noticed Grum
 17419 | D:10     | Killed Grum
 17601 | D:10     | Noticed a two-headed ogre
 17609 | D:10     | Killed a two-headed ogre
 17888 | D:10     | Noticed an ogre mage
 18186 | D:10     | HP: 3/97 [meliai/+0 hand axe of electrocution (4)]
 18188 | D:10     | Killed from afar by a meliai

Illustrated notes

Levels and vault maps discovered:
D:1:      eino_arrival_cavern_a, layout_loops_ring,
          minmay_misc_feat_four_crosses, minmay_unequal
D:2:      layout_basic, minmay_cupped
D:3:      cheibrodos_greedy_goblins, layout_loops_ring,
          gammafunk_temple_overflow_wave
D:4:      layout_loops_cross, minmay_misc_feat_chi
D:5:      layout_rooms, nzn_hepliaklqana_mist_gate, slow_altar_1, temple_statues
D:6:      layout_layer_cave, uniq_eustachio, uniq_sigmund, uniq_edmund
D:7:      layout_layer_cave, serial_shops, nicolae_shop_stone
D:8:      minmay_separated_statues, layout_loops_corners,
          nicolae_ru_the_path_less_chosen
D:9:      layout_rooms, dpeg_oklobed_lair, erik_orc_1, moated_statue
D:10:     minmay_the_grid_triangle_9x9_rhombus_thin
          [minmay_the_grid_triangle_9x9_limited_checkers,
          minmay_the_grid_triangle_9x9_prize_insulated,
          minmay_the_grid_triangle_9x9_windchime,
          minmay_the_grid_triangle_9x9_zippers_horizontal],
          layout_irregular_city, grunt_gozag_breadcrumbs, uniq_grum, uniq_erica,
          uniq_maurice
Temple:   dpeg_five_rooms_temple

Skill      XL: |  1  2  3  4  5  6  7  8  9 10 11 |
---------------+----------------------------------+-----
Fighting       | 1 2 3 4 6 8 9 |  9.0
Spellcasting   | 3 4 5 6 7 8 9 10 | 10.1
Conjurations   | 5 6 7 8 |  8.0
Hexes          | 2 4 5 |  5.1
Translocations | 4 5 6 |  6.0
Dodging        | 2 3 |  3.5
Stealth        | |  1.7

Action                   |  1- 3 |  4- 6 |  7- 9 | 10-12 || total
-------------------------+-------+-------+-------+-------++-------
Melee: Unarmed           |     7 |       |       |       ||     7
       Dagger            |     9 |    16 |     2 |    54 ||    81
       Tailslap          |     1 |     1 |       |     2 ||     4
       Hand axe          |       |       |     4 |       ||     4
Throw: Stone             |       |     6 |       |     3 ||     9
 Cast: Magic Dart        |    91 |   194 |   263 |   153 ||   701
       Searing Ray       |       |     7 |    47 |    32 ||    86
       Dazzling Flash    |       |       |    12 |    19 ||    31
       Iskenderun's Myst |       |       |     8 |    49 ||    57
       Tukima's Dance    |       |       |     3 |    26 ||    29
       Apportation       |       |       |     2 |       ||     2
 Abil: Breathe Acid      |       |       |     2 |       ||     2
Evoke: Wand              |       |       |     1 |       ||     1
  Use: Scroll            |       |       |     7 |     2 ||     9
       Potion            |       |       |       |     1 ||     1
 Stab: Sleeping          |     1 |       |     1 |       ||     2
       Invisible         |       |       |       |     1 ||     1
Armor: Skin              |    10 |    17 |    42 |    72 ||   141
Dodge: Dodged            |    30 |    32 |   178 |   245 ||   485
